 Dungeon Sprint DCSS version 0.27.0-1-g7a089689b8 (webtiles) character file.

Game seed: 14693383631447209377

1685 xpp the Nimble (level 8, -13/82 HPs)
             Began as a Pale Draconian Berserker on July 31, 2021.
             Was a High Priest of Trog.
             Shot with a bolt by a yaktaur (24 damage)
             ... in the Dungeon (Sprint II: "The Violet Keep of Menkaure").
             The game lasted 00:08:16 (676 turns).

xpp the Nimble (Pale Draconian Berserker)            Turns: 676, Time: 00:08:17

Health: -13/82     AC:  7    Str: 20    XL:     8   Next: 71%
Magic:  8/8        EV: 18    Int: 13    God:    Trog [*****.]
Gold:   140        SH:  0    Dex: 15    Spells: 7/7 levels left

rFire    . . .     SeeInvis .   a - +0 falchion
rCold    . . .     Faith    .   (no shield)
rNeg     . . .     Spirit   .   (armour unavailable)
rPois    .         Reflect  .   (helmet restricted)
rElec    .         Harm     .   (no cloak)
rCorr    .         Rampage  .   i - +0 pair of gloves
Will     +....     NoTele   +   (no boots)
Stlth    ++........             (no amulet)
HPRegen  0.23/turn              h - ring "Luwit" {Fly Will+ Int+5 Dex+3}
MPRegen  0.11/turn              (no ring)

@: on berserk cooldown, flying, slowed, very slow
A: breathe steam, AC +6, unfitting armour, cold-blooded, steam resistance
a: Breathe Steam, Renounce Religion, Berserk, Trog's Hand, Brothers in Arms


You were in the Dungeon.
You worshipped Trog.
Trog was extremely pleased with you.
You visited 1 branch You collected 828 gold pieces.
You spent 688 gold pieces at shops.

Inventory:

Hand Weapons
 a - a +0 falchion (weapon)
Armour
 i - a +0 pair of gloves (worn)
Jewellery
 h - the ring "Luwit" (left hand) {Fly Will+ Int+5 Dex+3}
   (You bought it in a shop in the Dungeon)

   [ring of flight]

   Int:       It affects your intelligence (+5).
   Dex:       It affects your dexterity (+3).
   Fly:       It grants you flight.
   Will:      It increases your willpower.
Potions
 c - 2 potions of heal wounds
 d - a potion of haste
 e - 2 potions of magic
 f - a potion of berserk rage


   Skills:
 + Level 11.3 Fighting
 + Level 11.4 Long Blades
 * Level 11.7 Dodging
 - Level 0.5 Stealth


You had 7 spell levels left.
You didn't know any spells.
Your spell library was empty.

Dungeon Overview and Level Annotations

Branches:
Dungeon (1/1)

Altars:
Cheibriados
Dithmenos
Elyvilon
Fedhas
Gozag
Hepliaklqana
Kikubaaqudgha
Makhleb
Nemelex Xobeh
Okawaru
Qazlal
Ru
Sif Muna
Trog
Uskayaw
Vehumet
Wu Jian
Xom
Yredelemnul
Zin
The Shining One
Beogh
Jiyva
Lugonu

Shops:
D ((:=:!![[(=?(:=

Annotations:
D exclusions: ice statue and oklob plant


Innate Abilities, Weirdness & Mutations

You can breathe blasts of scalding, opaque steam.
Your pale cyan-grey scales are hard. (AC +6)
You cannot fit into any form of body armour.
You are cold-blooded and may be slowed by cold attacks.
You are immune to the effects of steam.


Message History

There is a glowing golden altar of the Shining One here.
You hit the polar bear.
You tail-slap the polar bear, but do no damage.
The polar bear is heavily wounded.
The yaktaur hits you but does no damage.
You barely miss the polar bear.
The polar bear is heavily wounded.
The polar bear bites you. The polar bear misses you.
The polar bear barely misses you. The yaktaur hits you.
The polar bear misses you. The polar bear closely misses you. x2
The polar bear bites you! The polar bear completely misses you.
The polar bear claws you. The polar bear bites you! The polar bear claws you.
The polar bear misses you.
Found a ring mail and a potion of curing.
There is a shimmering altar of Xom, spattered with blood here.
You barely miss the yaktaur.
The yaktaur is moderately wounded.
Your skin stops crawling.
You feel less strong-willed. The yaktaur closely misses you.
You riposte.
You slash the yaktaur!
The yaktaur is heavily wounded.
The polar bear misses you. The polar bear barely misses you.
The polar bear closely misses you. The polar bear barely misses you.
The polar bear claws you but does no damage.
The polar bear completely misses you.
Blink to where?
Press: ? - help, Dir - move target, p - yaktaur
As you read the scroll of blinking, it crumbles to dust.
The yaktaur wields a +0 arbalest.
The yaktaur shoots a bolt.
The bolt hits you!!
* * * LOW HITPOINT WARNING * * *
The polar bear is engulfed in a cloud of scalding steam.
The polar bear completely misses you. The polar bear claws you.
* * * LOW HITPOINT WARNING * * *
The polar bear barely misses you.
You have got your breath back.
The yaktaur is engulfed in a cloud of scalding steam.
The polar bear completely misses you. The polar bear closely misses you.
The polar bear misses you.
The yaktaur shoots a bolt.
The bolt hits you!!
You die...

#≈≈≈.........# .. #≈≈≈≈.##'##..#
#. #≈≈≈≈##..###.#### +.###
#≈≈≈≈#..##.# ...# #...#
#≈≈####.#.####..#####..# .#
#≈##. ##'###.##..#..†..# .# ))
#≈#$.B##.##...#..#..#..# .#▓([$!
'≈+ #+.<.')#.+..####..##.#▓?()[
#≈#..B##.##...#.@h.###...##▓▓▓▓▓
#≈##. ##†###.##....h.≈≈≈≈≈≈≈≈≈≈≈
#≈≈####†#.####≈≈§.c..≈#'########
##≈≈≈#..#..#≈≈≈≈§≈≈..§#.†._._._#
#'#≈##...##≈≈≈§≈≈§≈.≈#_._._._.#
##[#≈≈##'##≈≈§§§§§≈§≈§#._._._._#
.####≈≈≈≈≈≈≈§≈§§§§§§≈≈#_._._._.#
≈ #+++#+++#§≈≈≈≈§≈≈≈#._._._..#
≈§SS° ##≈§≈###§§#_._._...#


You could see 2 polar bears and a yaktaur.

Vanquished Creatures
  A merfolk siren (D)
  A polar bear (D)
  A hornet (D)
  A blink frog (D)
  2 redbacks (D)
  Menkaure (D)
  4 necrophages (D)
  3 worms (D)
14 creatures vanquished.

Vanquished Creatures (others)
  A water moccasin (D)
1 creature vanquished.

Grand Total: 15 creatures vanquished

Notes
Turn   | Place    | Note
-------+----------+-------------------------------------------
     0 | D        | xpp the Draconian Berserker began the quest for the Orb.
     0 | D        | Reached XP level 1. HP: 19/19 MP: 1/1
     1 | D        | Noticed a boulder beetle
     1 | D        | Noticed a boulder beetle
    17 | D        | Reached ** piety under Trog
    18 | D        | Reached XP level 2. HP: 27/27 MP: 2/2
    25 | D        | Killed a water moccasin
    64 | D        | Noticed a merfolk siren
    74 | D        | Killed a merfolk siren
    75 | D        | Reached XP level 3. HP: 6/41 MP: 3/3
    75 | D        | Reached XP level 4. HP: 7/49 MP: 4/4
    75 | D        | Reached XP level 5. HP: 8/55 MP: 5/5
    75 | D        | Reached XP level 6. HP: 9/62 MP: 6/6
   363 | D        | Noticed an ice statue
   365 | D        | Noticed Menkaure
   372 | D        | Killed Menkaure
   372 | D        | Reached *** piety under Trog
   422 | D        | Found Jigias's Book Shoppe.
   422 | D        | Found Voseorch's Jewellery Emporium.
   423 | D        | Found Wosch's Magic Scroll Emporium.
   423 | D        | Found Xuesircha's Weapon Shoppe.
   424 | D        | Found Nimpumunn's Antique Weapon Shoppe.
   424 | D        | Found Noeleutt's Jewellery Emporium.
   443 | D        | Your scales start taking on a pale cyan-grey colour.
   443 | D        | Reached XP level 7. HP: 70/70 MP: 7/7
   443 | D        | Gained mutation: You are immune to the effects of steam.
                  | [Pale Draconian growth]
   450 | D        | Reached skill level 10 in Dodging
   455 | D        | Reached **** piety under Trog
   456 | D        | Reached skill level 10 in Fighting
   456 | D        | Reached skill level 10 in Long Blades
   479 | D        | Found Fat Qisosk's Antique Armour Shoppe.
   480 | D        | Found Myepoh Pas's Antique Armour Shoppe.
   481 | D        | Noticed a blink frog
   484 | D        | Identified the +2 robe "Zavampe" {rPois Int+8 Slay-6
                  | Stlth-}
   496 | D        | Killed a blink frog
   501 | D        | Found Ahoth's Distillery.
   502 | D        | Found Coamej's Distillery.
   502 | D        | Found Lollyacsase's Book Emporium.
   505 | D        | Found Noussos's Jewellery Shoppe.
   505 | D        | Noticed a wyvern
   505 | D        | Noticed a wyvern
   505 | D        | Noticed a wyvern
   505 | D        | Noticed an oklob plant
   506 | D        | Found Jathridech's Weapon Shoppe.
   506 | D        | Found Guiduaz's Weapon Emporium.
   506 | D        | Found Cafetane's Book Shoppe.
   506 | D        | Noticed a yak
   506 | D        | Noticed a yak
   507 | D        | Noticed a yak
   510 | D        | Noticed a wyvern
   521 | D        | Bought a potion of heal wounds for 70 gold pieces
   522 | D        | Noticed a wyvern
   527 | D        | Bought the ring "Luwit" {Fly Will+ Int+5 Dex+3} for 515
                  | gold pieces
   528 | D        | Noticed a flying skull
   533 | D        | Bought a pair of gloves for 103 gold pieces
   562 | D        | Found a glowing golden altar of the Shining One.
   562 | D        | Found an ornate altar of the Wu Jian Council.
   562 | D        | Found a stormy altar of Qazlal.
   563 | D        | Found a shimmering altar of Xom.
   563 | D        | Found a sacrificial altar of Ru.
   564 | D        | Found a basalt altar of Yredelemnul.
   564 | D        | Found a shimmering blue altar of Sif Muna.
   564 | D        | Found a viscous altar of Jiyva.
   565 | D        | Found a glowing silver altar of Zin.
   565 | D        | Found a bloodstained altar of Trog.
   565 | D        | Found an ancient bone altar of Kikubaaqudgha.
   566 | D        | Found a hide-covered altar of Uskayaw.
   566 | D        | Found a corrupted altar of Lugonu.
   566 | D        | Found a shadowy altar of Dithmenos.
   567 | D        | Found a radiant altar of Vehumet.
   567 | D        | Found a burning altar of Makhleb.
   567 | D        | Found a white marble altar of Elyvilon.
   568 | D        | Found a sparkling altar of Nemelex Xobeh.
   568 | D        | Found a blossoming altar of Fedhas.
   577 | D        | Noticed a redback
   577 | D        | Noticed a redback
   580 | D        | Killed a redback
   581 | D        | Reached XP level 8. HP: 62/81 MP: 8/8
   631 | D        | Found an iron altar of Okawaru.
   631 | D        | Found an opulent altar of Gozag.
   631 | D        | Found a hazy altar of Hepliaklqana.
   631 | D        | Found a snail-covered altar of Cheibriados.
   631 | D        | Noticed a hornet
   631 | D        | Noticed a polar bear
   631 | D        | Noticed a polar bear
   632 | D        | Noticed a yaktaur
   633 | D        | Noticed a polar bear
   651 | D        | Killed a polar bear
   657 | D        | Killed a hornet
   657 | D        | Reached ***** piety under Trog
   676 | D        | Shot with a bolt by a yaktaur

Illustrated notes

Levels and vault maps discovered:
D:        the_violet_keep_of_menkaure [sprint2_stairs_cluster_1,
          sprint2_shoproom, sprint2_temple, sprint2_basic_supplies,
          sprint2_obstacle_5, sprint2_obstacle_4, sprint2_obstacle_2,
          sprint2_obstacle_1, sprint2_obstacle_7, sprint2_timed_cluster_1,
          sprint2_smallroom_cluster_1, sprint2_smallroom_final_cluster_1,
          sprint2_transparent_cluster_1, sprint2_second_timed_cluster_1,
          sprint2_sniper_area_1, sprint2_heavy_combat_area_1,
          sprint2_mutation_trap_area_1, sprint2_forest_area_1,
          sprint2_light_combat_area_1, sprint2_behind_water_1,
          sprint2_near_end_vault_1]

Skill      XL: |  1  2  3  4  5  6  7  8 |
---------------+-------------------------+-----
Dodging        | 3 8 9 10 11 | 11.7
Fighting       | 4 8 9 10 11 | 11.3
Long Blades    | 8 9 10 11 | 11.4
Stealth        | |  0.5

Action                   |  1- 3 |  4- 6 |  7- 9 || total
-------------------------+-------+-------+-------++-------
Melee: Falchion          |    18 |     5 |    39 ||    62
       Tailslap          |     3 |     2 |     7 ||    12
Invok: Berserk           |     2 |     2 |     1 ||     5
       Trog's Hand       |       |     1 |     2 ||     3
 Abil: Breathe Steam     |       |       |     3 ||     3
  Use: Potion            |       |       |     1 ||     1
       Scroll            |       |       |     1 ||     1
Armor: Skin              |       |     1 |     9 ||    10
Dodge: Dodged            |     6 |     1 |    45 ||    52
       Rpst.: Falchion   |     1 |       |    10 ||    11
